 Dungeon Crawl Stone Soup version 0.26-a0-52-gd53d4cd058 (webtiles) character file.

Game seed: 12766262636919758172

340 mortelune the Poker (level 6, -2/49 HPs)
             Began as a Merfolk Skald on June 6, 2020.
             Was a Follower of Makhleb.
             Killed by divine providence
             ... invoked by an orc priest
              (11 damage)
             ... on level 4 of the Dungeon.
             The game lasted 00:06:44 (5249 turns).

mortelune the Poker (Merfolk Skald)                 Turns: 5249, Time: 00:06:45

Health: -2/49      AC:  7    Str: 13    XL:     6   Next: 56%
Magic:  9/9        EV: 13    Int: 12    God:    Makhleb [*.....]
Gold:   186        SH:  0    Dex: 14    Spells: 4/9 levels left

rFire    . . .     SeeInvis .   a - +0 spear
rCold    + . .     Gourm    .   (no shield)
rNeg     . . .     Faith    +   r - +0 ring mail (curse)
rPois    .         Spirit   .   h - +0 helmet
rElec    .         Reflect  .   u - +0 cloak
rCorr    .         Harm     .   (no gloves)
MR       .....                  (no boots)
Stlth    +.........             g - amulet of faith
HPRegen  0.16/turn              I - ring of protection from cold
MPRegen  0.11/turn              (no ring)

@: lethally poisoned (-2 -> -7)
A: change form in water, swift swim, stealthy swim
a: Renounce Religion


You were on level 4 of the Dungeon.
You worshipped Makhleb.
Makhleb was aware of your devotion.
You were not hungry.

You visited 1 branch of the dungeon, and saw 4 of its levels.

You collected 186 gold pieces.

Inventory:

Hand Weapons
 a - a +0 spear (weapon)
Missiles
 p - 11 poisoned darts (quivered)
Armour
 b - a +0 leather armour
 h - a +0 helmet (worn)
 r - a cursed +0 ring mail (worn)
 u - a +0 cloak (worn)
Jewellery
 g - an amulet of faith (around neck)
 F - an uncursed ring of protection from fire
 I - a ring of protection from cold (left hand)
Wands
 x - a wand of paralysis (11)
Scrolls
 c - a scroll of blinking {unknown}
 e - a scroll of random uselessness
 f - 5 scrolls of noise {unknown}
 i - 5 scrolls of identify
 l - a scroll of enchant armour {unknown}
 o - 2 scrolls of remove curse
 q - a scroll of magic mapping {unknown}
 s - 2 scrolls of teleportation {unknown}
Potions
 j - a potion of cancellation
 k - a potion of stabbing {unknown}
 m - a potion of degeneration {unknown}
 n - a potion of brilliance
 t - a potion of lignification {unknown}
 v - a potion of might
Comestibles
 d - 13 rations
 w - 2 chunks of flesh


   Skills:
 + Level 4.5 Fighting
 + Level 6.0 Polearms
 - Level 0.6 Armour
 + Level 5.4 Dodging
 - Level 2.0 Spellcasting
 - Level 3.2 Charms
 + Level 1.0 Invocations


You had 4 spell levels left.
You knew the following spells:

 Your Spells              Type           Power        Failure   Level  Hunger
a - Infusion              Chrm           #...         16%         1    ##.....
b - Song of Slaying       Chrm           #.......     22%         2    ###....
c - Shroud of Golubria    Chrm/Tloc      #.....       41%         2    ###....

Your spell library contained the following spells:

 Spells                   Type           Power        Failure   Level  Hunger
 Corona                   Hex            #......      50%         1    ##.....
 Ensorcelled Hibernation  Hex/Ice        #.....       65%         2    ###....
 Ozocubu's Armour         Chrm/Ice       #.......     65%         3    ####...
 Spectral Weapon          Hex/Chrm       #.......     65%         3    ####...
 Confusing Touch          Hex            #.......     86%         3    ####...
 Dazzling Flash           Conj/Hex       #.....       86%         3    ####...
 Tukima's Dance           Hex            #.......     86%         3    ####...


Dungeon Overview and Level Annotations

Branches:
Dungeon (4/15)
 Temple: D:4-7

Altars:
Makhleb
Okawaru
Trog
Xom


Message History

It is a scroll of identify.
o - 2 scrolls of remove curse;
i - 5 scrolls of identify
c - a scroll labeled TASIOGHADUT The orc wizard misses you.
The orc priest hits you with a +1 flail of holy wrath.
* * * LOW HITPOINT WARNING * * *
The orc priest mumbles some strange prayers to Beogh against you.
You barely resist.
The orc wizard hits you but does no damage.
You are poisoned.
The orc barely misses you.
Okay, then.
It was a potion of cancellation.
Your magical effects are unravelling.
You feel magically purged.
You feel a little less clever now.
You feel sick.
The orc wizard zaps a wand.
You resist with some effort.
The orc priest mumbles some strange prayers to Beogh against you.
Beogh smites you!
You die...

..##..................##
.#####..##.............##
........#...........##..#
...............#.<......#
.....##........#........#
........##.............##
........##.............#
....>..............#.###
.......##.#.....@o.#####
.......# #....ooo.....#
.......#####...........#
.......#.......###.....#
...............##...#.##
.....)....##.#......#...
.##...#..................
.....###.....#........>....
............##....o........


You could see 2 orc priests, an orc wizard (fast) and an orc.

Vanquished Creatures
  An orc priest (D:3)
  A hound (D:4)
  Terence (D:2)
  Natasha (thrice) (D:2)
  2 worker ants
  A howler monkey skeleton (D:4)
  2 adders
  An ooze (D:1)
  An adder skeleton (D:4)
  3 worms
  3 dart slugs (D:1)
  5 leopard geckos
  5 orcs
  3 giant cockroaches
  8 goblins
  6 hobgoblins
  3 jackals (D:2)
  A quokka (D:2)
  A ball python (D:3)
  11 bats
  11 frilled lizards
  7 kobolds
  4 rats
84 creatures vanquished.

Notes
Turn   | Place    | Note
-------+----------+-------------------------------------------
     0 | D:1      | mortelune the Merfolk Skald began the quest for the Orb.
     0 | D:1      | Reached XP level 1. HP: 16/16 MP: 3/3
   202 | D:1      | Reached XP level 2. HP: 20/23 MP: 0/5
   206 | D:1      | Learned a level 2 spell: Song of Slaying
   935 | D:1      | Reached XP level 3. HP: 28/28 MP: 6/6
  1149 | D:1      | Reached skill level 4 in Polearms
  1703 | D:2      | Noticed Natasha
  1720 | D:2      | Killed Natasha
  1720 | D:2      | Reached XP level 4. HP: 32/35 MP: 0/7
  1793 | D:2      | Learned a level 2 spell: Shroud of Golubria
  1805 | D:2      | Found a burning altar of Makhleb.
  1806 | D:2      | Found a shimmering altar of Xom.
  1820 | D:2      | Became a worshipper of Makhleb the Destroyer
  1965 | D:2      | Noticed Natasha
  2130 | D:2      | Noticed Terence
  2168 | D:2      | Killed Terence
  2509 | D:2      | Reached XP level 5. HP: 24/41 MP: 2/8
  2701 | D:2      | Killed Natasha
  2701 | D:2      | Reached skill level 5 in Polearms
  2854 | D:2      | Noticed Natasha
  2867 | D:2      | Killed Natasha
  3592 | D:3      | Reached * piety under Makhleb
  3690 | D:3      | Found a bloodstained altar of Trog.
  3690 | D:3      | Found an iron altar of Okawaru.
  3888 | D:3      | Reached skill level 5 in Dodging
  3888 | D:3      | Reached XP level 6. HP: 20/48 MP: 2/9
  5045 | D:4      | Reached skill level 6 in Polearms
  5045 | D:4      | Reached skill level 1 in Invocations
  5236 | D:4      | Paralysed by an orc wizard for 2 turns
  5240 | D:4      | Paralysed by an orc wizard for 5 turns
  5249 | D:4      | Killed from afar by an orc priest

Illustrated notes

Levels and vault maps discovered:
D:1:      giann_wishing_wells, layout_basic, corexii_hall_statues_i
D:2:      layout_rooms, chequers_temple_overflow_statue_of_worship,
          uniq_terence, uniq_natasha
D:3:      layout_rooms, grunt_temple_overflow_open, corexii_hall_statues_x,
          serial_bayou_crossing
D:4:      layout_cave_pools, first_ration, minmay_door_square, st_stairs_7,
          uniq_crazy_yiuf_cottage

Skill      XL: |  1  2  3  4  5  6 |
---------------+-------------------+-----
Dodging        | 3 4 5 |  5.4
Polearms       | 4 5 6 |  6.0
Fighting       | 3 4 |  4.5
Invocations    | 1 |  1.0
Armour         | |  0.6
Spellcasting   | |  2.0
Charms         | |  3.2

Action                   |  1- 3 |  4- 6 || total
-------------------------+-------+-------++-------
Melee: Spear             |   125 |   301 ||   426
Throw: Dart              |       |     4 ||     4
 Cast: Infusion          |     7 |    11 ||    18
       Song of Slaying   |     1 |     3 ||     4
       Shroud of Golubri |       |     8 ||     8
  Use: Potion            |       |     3 ||     3
       Scroll            |       |     2 ||     2
 Stab: Sleeping          |     3 |       ||     3
  Eat: Chunk             |     3 |    12 ||    15
Armor: Leather armour    |    35 |    13 ||    48
       Ring mail         |       |    59 ||    59
Dodge: Dodged            |    74 |   187 ||   261

Table legend:
 A = Non-vault XP
 B = Vault XP
 C = Vault XP percentage of total XP
 D = Non-vault monster count
 E = Vault monster count
 F = Vault count percentage of total count
                 A         B        C        D         E       F
            +---------+---------+-------+---------+---------+-------
      Total |     413 |      73 |  15.0 |      82 |       2 |   2.4
            +---------+---------+-------+---------+---------+-------
        D:1 |      54 |       0 |   0.0 |      27 |       0 |   0.0
        D:2 |     129 |      73 |  36.1 |      25 |       2 |   7.4
        D:3 |     129 |       0 |   0.0 |      23 |       0 |   0.0
        D:4 |     101 |       0 |   0.0 |       7 |       0 |   0.0
            +---------+---------+-------+---------+---------+-------
